 Dungeon Crawl Stone Soup version 0.26.1-10-gdfb7c7de75 (webtiles) character file.

Game seed: 2145085747957479795

37 Mattiprrivan the Ducker (level 3, -6/23 HPs)
             Began as an Octopode Fighter on Apr 10, 2021.
             Was an Initiate of Nemelex Xobeh.
             Mangled by an ogre
             ... wielding a +0 giant club
              (21 damage)
             ... on level 2 of the Dungeon.
             The game lasted 00:09:14 (1277 turns).

Mattiprrivan the Ducker (Octopode Fighter)          Turns: 1277, Time: 00:09:22

Health: -6/23      AC:  3    Str: 15    XL:     3   Next: 39%
Magic:  3/3        EV: 12    Int: 10    God:    Nemelex Xobeh [......]
Gold:   49         SH:  9    Dex: 12    Spells: 2/2 levels left

rFire    . . .     SeeInvis .   a - +0 war axe
rCold    + . .     Faith    .   b - +1 kite shield
rNeg     . . .     Spirit   .   (helmet restricted)
rPois    .         Reflect  .   (no amulet)
rElec    .         Harm     .   (no ring)
rCorr    .         Rampage  .   (no ring)
Will     .....     Clarity  +   (no ring)
Stlth    +++.......             (no ring)
HPRegen  0.07/turn              (no ring)
MPRegen  0.08/turn              (no ring)
                                (no ring)
                                (no ring)

@: no status effects
A: almost no armour, stealthy swim, amphibious, 8 rings, constrict 8, iridescent
scales 1, camouflage 1, clarity, cold resistance 1, frail 1, gelatinous body 1
a: Renounce Religion, Draw Escape, Draw Destruction, Draw Summoning


You were on level 2 of the Dungeon.
You worshipped Nemelex Xobeh.
Nemelex Xobeh was noncommittal.
You visited 1 branch of the dungeon, and saw 2 of its levels.

You collected 49 gold pieces.

Inventory:

Hand Weapons
 a - a +0 war axe (weapon)
Missiles
 f - 13 poisoned darts (quivered)
Armour
 b - a +1 kite shield (worn)
Scrolls
 d - 3 scrolls of teleportation
 e - 2 scrolls of remove curse
 g - a scroll of identify
Potions
 c - a potion of might


   Skills:
 * Level 3.2 Fighting
 * Level 2.3 Axes
 * Level 3.3 Dodging
 * Level 1.2 Stealth
 * Level 3.3 Shields
 * Level 0.4 Unarmed Combat


You had 2 spell levels left.
You didn't know any spells.
Your spell library was empty.

Dungeon Overview and Level Annotations

Branches:
Dungeon (2/15)

Altars:
Nemelex Xobeh


Innate Abilities, Weirdness & Mutations

You cannot wear most types of armour.
You are very stealthy in the water. (Stealth+)
You are amphibious.
You can wear up to eight rings at the same time.
You can use your tentacles to constrict eight enemies at once.
Your skin changes colour to match your surroundings (Stealth+).
Your rubbery body absorbs attacks. (AC +1, EV +1)
You are partially covered in iridescent scales. (AC +2)
You possess an exceptional clarity of mind.
Your flesh is cold resistant. (rC+)
You are frail. (-10% HP)


Message History

The ogre is lightly wounded.
A leopard gecko comes into view.
A hobgoblin comes into view. It is wielding a +0 club.
Found a potion of curing.
You hit the ogre.
The ogre is moderately wounded.
The ogre closely misses you.
You slash the ogre! You squeeze the ogre.
The ogre is severely wounded.
The ogre misses you.
You hit the ogre.
The ogre is almost dead.
The ogre hits you with a +0 giant club!
You hit the ogre but do no damage.
The ogre is almost dead.
The hobgoblin falls through a shaft!
The shaft crumbles and collapses.
The ogre hits you with a +0 giant club!!
Ouch! That really hurt!
You die...
Your body disappears without a glow.

# #.# .# .## l ..
..####... .##.
#........ ..(#
.....! #.( ....
##..##.# #...°O.#
#..#.#@##
##..#....#
...##...# ..#
#...# #.# ##..#
#.# #..##
#########.####...#
........†....#...#
..........#.#....#


You could see an ogre (poisoned).

Vanquished Creatures
  An adder (D:2)
  2 leopard geckos (D:1)
  4 bats
  A giant cockroach (D:1)
  2 goblins (D:1)
  3 hobgoblins (D:1)
  A ball python (D:1)
  2 frilled lizards (D:1)
  6 kobolds (D:1)
  A rat (D:1)
23 creatures vanquished.

Notes
Turn   | Place    | Note
-------+----------+-------------------------------------------
     0 | D:1      | Mattiprrivan the Octopode Fighter began the quest for the
                  | Orb.
     0 | D:1      | Reached XP level 1. HP: 16/16 MP: 1/1
   134 | D:1      | Reached XP level 2. HP: 21/21 MP: 2/2
   344 | D:1      | Gained mutation: You are frail. (-10% HP) [potion of
                  | mutation]
   344 | D:1      | Gained mutation: You are partially covered in iridescent
                  | scales. (AC +2) [potion of mutation]
   344 | D:1      | Gained mutation: You possess an exceptional clarity of
                  | mind. [potion of mutation]
   344 | D:1      | Gained mutation: Your flesh is cold resistant. (rC+)
                  | [potion of mutation]
   387 | D:1      | Reached skill level 1 in Stealth
   628 | D:1      | Found a sparkling altar of Nemelex Xobeh.
   632 | D:1      | Became a worshipper of Nemelex Xobeh the Trickster
   744 | D:1      | Reached XP level 3. HP: 23/23 MP: 3/3
  1266 | D:2      | Noticed an ogre
  1277 | D:2      | Mangled by an ogre

Illustrated notes

Levels and vault maps discovered:
D:1:      dpeg_arrival_circle_labyrinth_c, layout_loops_ring, chequers_garden,
          minivault_4, nemelex_diamond_rough_becter
D:2:      layout_basic

Skill      XL: |  1  2 |
---------------+-------+-----
Stealth        | 1 |  1.2
Fighting       | |  3.2
Axes           | |  2.3
Dodging        | |  3.3
Shields        | |  3.3
Unarmed Combat | |  0.4

Action                   || total
-------------------------++-------
Melee: War axe           ||    47
       Constrict         ||    10
       Tentacles         ||     8
Throw: Dart              ||     2
  Use: Potion            ||     3
       Scroll            ||     5
 Stab: Sleeping          ||     2
Armor: Skin              ||    12
Dodge: Dodged            ||    15
Block: Kite shield       ||    16
